 Dungeon Sprint DCSS version 0.28-a0-1412-gf95308ed99 (webtiles) character file.

Game seed: 17535677474704242700

1395 mhtbhm the Protected (level 8, -1/82 HPs)
             Began as a Minotaur Fighter on Jan 6, 2022.
             Was an Initiate of Gozag.
             Slain by a boulder beetle (47 damage)
             ... in the Dungeon (Sprint IX: "|||||||||||||||||||||||||||||").
             The game lasted 00:01:11 (485 turns).

mhtbhm the Protected (Minotaur Fighter)              Turns: 485, Time: 00:01:13

Health: -1/82      AC: 13    Str: 26    XL:     8   Next: 41%
Magic:  2/2        EV: 12    Int:  5    God:    Gozag
Gold:   423        SH:  6    Dex:  6    Spells: 7/7 levels left

rFire   . . .      SeeInvis .   a - +2 rapier "Bela" {antimagic, Fly Will+ Dex-4}
rCold   . . .      Faith    .   c - +0 buckler
rNeg    . . .      Spirit   .   b - +1 scale mail
rPois   .          Reflect  .   (helmet restricted)
rElec   .          Harm     .   p - +0 cloak
rCorr   .          Rampage  .   (no gloves)
Will    +....      NoTele   +   o - +0 pair of boots
Stlth   ..........              (no amulet)
HPRegen 0.23/turn               m - +3 ring of strength
MPRegen 0.08/turn               n - +2 ring of evasion

@: gold aura, flying
A: horns 2, retaliatory headbutt
a: Renounce Religion, Potion Petition, Call Merchant, Bribe Branch


You were in the Dungeon.
You worshipped Gozag.
Gozag was aware of your devotion.
You visited 1 branch You collected 423 gold pieces.

Inventory:

Hand Weapons
 a - the +2 rapier "Bela" (weapon) {antimagic, Fly Will+ Dex-4}
   (You found it in the Dungeon)

   It reduces the magical energy of the wielder, and disrupts the spells and
   magical abilities of those it strikes.
   Natural abilities and divine invocations are not affected.
   Dex:       It affects your dexterity (-4).
   Fly:       It grants you flight.
   Will:      It increases your willpower.
Armour
 b - a +1 scale mail (worn)
 c - a +0 buckler (worn)
 o - a +0 pair of boots (worn)
 p - a +0 cloak (worn)
Jewellery
 m - a +3 ring of strength (left hand)
 n - a +2 ring of evasion (right hand)
Wands
 l - a wand of acid (3)
Scrolls
 j - 2 scrolls of blinking
 k - 2 scrolls of amnesia
Potions
 d - a potion of might
 e - 3 potions of curing
 f - 2 potions of heal wounds
 g - a potion of haste
 h - 4 potions of magic
 i - a potion of invisibility


   Skills:
 + Level 11.6 Fighting
 + Level 9.1 Short Blades
 + Level 12.7 Armour
 + Level 2.4 Dodging
 + Level 0.5 Stealth
 + Level 11.5 Shields
 + Level 2.2 Evocations


You had 7 spell levels left.
You didn't know any spells.
Your spell library was empty.

Dungeon Overview and Level Annotations

Branches:
Dungeon (1/1)

Altars:
Cheibriados
Dithmenos
Elyvilon
Fedhas
Gozag
Hepliaklqana
Kikubaaqudgha
Makhleb
Nemelex Xobeh
Okawaru
Qazlal
Ru
Sif Muna
Trog
Uskayaw
Vehumet
Wu Jian
Xom
Yredelemnul
Zin
The Shining One
Beogh
Jiyva
Lugonu


Innate Abilities, Weirdness & Mutations

You have a pair of horns on your head.
You reflexively headbutt those who attack you in melee.


Message History

The troll is almost dead.
The bolt of acid hits the boulder beetle!
The boulder beetle seems to be corroded for longer.
The boulder beetle is lightly wounded.
The bolt of acid misses the lindwurm.
The boulder beetle curls into a ball and begins rolling!
Your Short Blades skill increases to level 8!
Unknown command.
Unknown command.
You puncture the cyclops!
You kill the cyclops!
Your Fighting skill increases to level 11!
Your Armour skill increases to level 12!
Your Dodging skill increases to level 2!
Your Shields skill increases to level 11!
Your Evocations skill increases to level 2!
You have reached level 8!
You feel agile.
Aiming: Corrosive Bolt
Press: ? - help, Shift-Dir - straight line, f - troll
Aim: a troll (almost dead, covered in acid, 71% to hit)
The bolt of acid hits the troll!
The troll seems to be corroded for longer.
You kill the troll!
The bolt of acid hits the boulder beetle!
The boulder beetle seems to be corroded for longer.
The boulder beetle is moderately wounded.
The bolt of acid misses the lindwurm.
Your Short Blades skill increases to level 9!
Unknown command.
Unknown command.
There's nothing to close nearby.
You hit the boulder beetle but do no damage.
You headbutt the boulder beetle, but do no damage.
The boulder beetle is moderately wounded.
The slime creature is distracted by your dazzling golden aura.
The boulder beetle hits you!!!
Ouch! That really hurt!
You die...
Your body crumbles into a pile of gold. ▓▓▓▓▓▓▓▓▓▓▓▓▓▓▓▓▓▓▓▓▓▓▓▓▓ '..)....[.))....@B°°k.J.+ ▓▓▓▓▓▓▓▓▓▓▓▓▓▓▓▓▓▓▓▓▓▓▓▓▓ $ $ $$$$$ $ $ $ $$$$$

You could see a boulder beetle (rolling, corroded), a slime creature (unaware) and a lindwurm shaped shifter.

Vanquished Creatures
  A cyclops (D)
  A troll (D)
  A hornet (D)
  A vampire (D)
  A vampire mosquito (D)
  2 orc warriors (D)
  An ogre (D)
  A centaur (D)
  2 bats (D)
  A bat zombie (D)
  A hobgoblin (D)
  2 quokkas (D)
  2 ball pythons (D)
  A giant cockroach zombie (D)
  A quokka skeleton (D)
19 creatures vanquished.

Notes
Turn   | Place    | Note
-------+----------+-------------------------------------------
     0 | D        | mhtbhm the Minotaur Fighter began the quest for the Orb.
     0 | D        | Reached XP level 1. HP: 19/19 MP: 0/0
     9 | D        | Reached skill level 4 in Armour
   123 | D        | Noticed an ogre
   126 | D        | Killed an ogre
   127 | D        | Reached skill level 6 in Armour
   127 | D        | Reached XP level 2. HP: 31/31 MP: 1/1
   127 | D        | Reached XP level 3. HP: 38/38 MP: 2/2
   127 | D        | Reached XP level 4. HP: 45/45 MP: 3/3
   161 | D        | Found a snail-covered altar of Cheibriados.
   161 | D        | Found a shadowy altar of Dithmenos.
   161 | D        | Found a white marble altar of Elyvilon.
   161 | D        | Found a blossoming altar of Fedhas.
   161 | D        | Found an opulent altar of Gozag.
   162 | D        | Found a hazy altar of Hepliaklqana.
   163 | D        | Found a viscous altar of Jiyva.
   164 | D        | Found an ancient bone altar of Kikubaaqudgha.
   165 | D        | Found a corrupted altar of Lugonu.
   166 | D        | Found a burning altar of Makhleb.
   167 | D        | Found a sparkling altar of Nemelex Xobeh.
   168 | D        | Found an iron altar of Okawaru.
   169 | D        | Became a worshipper of Gozag Ym Sagoz the Greedy
   170 | D        | Found a stormy altar of Qazlal.
   171 | D        | Found a sacrificial altar of Ru.
   172 | D        | Found a shimmering blue altar of Sif Muna.
   173 | D        | Found a bloodstained altar of Trog.
   174 | D        | Found a hide-covered altar of Uskayaw.
   175 | D        | Found a radiant altar of Vehumet.
   176 | D        | Found an ornate altar of the Wu Jian Council.
   177 | D        | Found a shimmering altar of Xom.
   178 | D        | Found a basalt altar of Yredelemnul.
   179 | D        | Found a glowing silver altar of Zin.
   180 | D        | Found a glowing golden altar of the Shining One.
   197 | D        | Got the +2 rapier "Bela" {antimagic, Fly Will+ Dex-4}
   241 | D        | Noticed a hornet
   241 | D        | Noticed an orc warrior
   241 | D        | Noticed a centaur
   241 | D        | Noticed an orc warrior
   241 | D        | Noticed a vampire
   253 | D        | Killed a hornet
   254 | D        | Reached skill level 5 in Short Blades
   254 | D        | Reached skill level 9 in Armour
   254 | D        | Reached skill level 1 in Dodging
   254 | D        | Reached XP level 5. HP: 32/56 MP: 1/4
   254 | D        | Reached XP level 6. HP: 36/62 MP: 1/5
   254 | D        | Killed a vampire
   255 | D        | Reached skill level 10 in Armour
   256 | D        | Killed an orc warrior
   257 | D        | Reached skill level 10 in Fighting
   257 | D        | Reached skill level 10 in Shields
   257 | D        | Reached skill level 1 in Evocations
   257 | D        | Reached XP level 7. HP: 15/72 MP: 2/6
   259 | D        | Reached skill level 11 in Armour
   477 | D        | Noticed a cyclops
   477 | D        | Noticed a vampire mosquito
   477 | D        | Noticed a troll
   477 | D        | Noticed a boulder beetle
   477 | D        | Noticed a guardian serpent
   477 | D        | Noticed a slime creature
   480 | D        | Noticed a lindwurm
   480 | D        | a guardian serpent changed into a lindwurm
   481 | D        | Killed a vampire mosquito
   482 | D        | Killed a cyclops
   483 | D        | Reached skill level 12 in Armour
   483 | D        | Reached XP level 8. HP: 45/82 MP: 2/7
   483 | D        | Killed a troll
   485 | D        | Slain by a boulder beetle

Illustrated notes

Levels and vault maps discovered:
D:        linesprint [early_d, line_temple, items_1, d_10, items_2, lair_1,
          lair_end, items_3, orc_1, orc_end, items_4, d_15, swamp_1, shoals_1,
          snake_1, spider_1, d_20, vaults_1, items_5, swamp_end, shoals_end,
          snake_end, spider_end, vaults_end, d_27, items_6, zot_1, zot_end,
          crypt_end, forest_end, elf_end, slime_end, tomb_end, abyss_end,
          pan_hell_end]

Skill      XL: |  1  2  3  4  5  6  7  8 |
---------------+-------------------------+-----
Fighting       | 6 8 10 11 | 11.6
Armour         | 6 9 10 12 | 12.7
Shields        | 6 8 10 11 | 11.5
Short Blades   | 4 5 7 8 9 |  9.1
Dodging        | 1 2 |  2.4
Evocations     | 1 2 |  2.2
Stealth        | |  0.5

Action                   |  1- 3 |  4- 6 |  7- 9 || total
-------------------------+-------+-------+-------++-------
Melee: Rapier            |    15 |    16 |     4 ||    35
       Headbutt          |     2 |     3 |     1 ||     6
Evoke: Wand              |       |     3 |     4 ||     7
  Use: Potion            |     1 |     2 |     1 ||     4
 Stab: Distracted        |       |       |     1 ||     1
Armor: Scale mail        |     8 |     6 |       ||    14
Dodge: Dodged            |     8 |    11 |       ||    19
Block: Buckler           |     6 |     5 |     2 ||    13

Table legend: (Time is in decaauts)
 A = Elapsed time spent in this place.
 B = Non-inter-level travel time spent in this place.
 C = Inter-level travel time spent in this place.
 D = Time resting spent in this place.
 E = Time spent auto-exploring this place.
 F = Levels seen in this place.
 G = Mean time per level.
                   A        B        C        D        E       F      G
               +--------+--------+--------+--------+--------+-----+--------+
         Total |    501 |    501 |      0 |    335 |      3 |   1 |  501.0 |
       Dungeon |    501 |    501 |      0 |    335 |      3 |   1 |  501.0 |
               +--------+--------+--------+--------+--------+-----+--------+

Top non-repeatable levels by time:
       D: 501 daAuts
